 Dungeon Crawl Stone Soup version 0.29.1-15-g9cfb28693d (webtiles) character file.

Game seed: 1891703105861741411

37 Heoruswealwe the Conjurer (level 3, -2/19 HPs)
             Began as a Deep Elf Conjurer on Apr 14, 2023.
             Slain by a fire elemental (9 damage)
             ... created by the fiery vengeance of Ignis
             ... on level 2 of the Dungeon.
             The game lasted 00:08:42 (1005 turns).

Heoruswealwe the Conjurer (Deep Elf Conjurer)       Turns: 1005, Time: 00:08:42

Health: -2/19      AC:  3    Str:  4    XL:     3   Next: 21%
Magic:  7/10       EV: 12    Int: 24    God:
Gold:   63         SH:  0    Dex: 13    Spells: 7/10 levels left

rFire   . . .      SeeInvis .   (no weapon)
rCold   . . .      Faith    .   (no shield)
rNeg    . . .      Spirit   .   d - +0 robe
rPois   .          Reflect  .   (no helmet)
rElec   .          Harm     .   (no cloak)
rCorr   .          Rampage  .   i - +0 pair of gloves
Will    .....                   (no boots)
Stlth   ++........              (no amulet)
HPRegen 0.06/turn               f - ring of wizardry
MPRegen 0.12/turn               (no ring)

@: fire susceptible
A: no striking features
a: no special abilities


You were on level 2 of the Dungeon.
You visited 1 branch of the dungeon, and saw 2 of its levels.

You collected 63 gold pieces.

Inventory:

Armour
 a - a +0 robe
 d - a +0 robe (worn)
 i - a +0 pair of gloves (worn)
Jewellery
 f - a ring of wizardry (left hand)
Scrolls
 h - 2 scrolls of brand weapon
 k - 2 scrolls of identify {unknown}
Potions
 b - a potion of magic
 c - a potion of attraction {unknown}
 e - 2 potions of lignification {unknown}
 g - a potion of might {unknown}
 j - a potion of curing {unknown}


   Skills:
 - Level 2.4 Dodging
 - Level 2.4 Stealth
 + Level 4.2 Spellcasting
 + Level 5.0 Conjurations


You had 7 spell levels left.
You knew the following spells:

 Your Spells              Type           Power      Damage    Failure   Level
a - Magic Dart            Conj           100%       1d8       1%          1
b - Searing Ray           Conj           58%        2d6       1%          2

Your spell library contained the following spells:

 Spells                   Type           Power      Damage    Failure   Level
 Freeze                   Ice            20%        1d4       4%          1
 Dazzling Flash           Conj/Hex       34%        N/A       4%          3
 Frozen Ramparts          Ice            10%        1d2       12%         3
 Fulminant Prism          Conj/Hex       8%         3d7       13%         4
 Hailstorm                Conj/Ice       17%        3d6       13%         4
 Iskenderun's Mystic Bla  Conj/Tloc      17%        2d5       13%         4


Dungeon Overview and Level Annotations

Branches:
Dungeon (2/15)

Altars:
Ignis


Message History

The plant is lightly damaged.
You hit the plant.
The plant is lightly damaged.
You hit the plant.
The plant is lightly damaged.
You hit the plant but do no damage.
The plant is lightly damaged.
You hit the plant but do no damage.
The plant is lightly damaged.
A nearby plant withers and dies.
You hit the plant but do no damage. You hit the plant.
The plant begins to die.
The plant is lightly damaged.
You hit the plant.
The plant is lightly damaged.
You hit the plant but do no damage.
The plant is lightly damaged.
You hit the plant.
The plant is lightly damaged.
A nearby plant withers and dies.
You enter the shallow water.
Moving in this stuff is going to be slow.
A rat comes into view.
The magic dart hits the rat.
The rat is heavily wounded.
The magic dart hits the rat.
You kill the rat!
A rat comes into view.
The magic dart hits the rat.
You kill the rat! "Betrayer!
Apostate!
Perish!" 2 fire elementals come into view.
The magic dart hits the fire elemental.
The fire elemental is lightly damaged.
The magic dart hits the fire elemental.
The fire elemental is lightly damaged.
The fire elemental hits you. The fire elemental burns you!
Ouch! That really hurt!
The fire elemental hits you. The fire elemental burns you!
You die...

..###.###.##......#
......#
#.#######.##
..##### #.# #..#
### #.# ##.###
#.########...###...
#.........☼.°......
#######..☼.○.......
#.E.○........
#.@E......##.
#.........#
#.#...†.....
#....########
###..# #..# #..#
...


You could see 2 fire elementals.

Vanquished Creatures
  An adder (D:2)
  4 ball pythons
  4 bats (D:1)
  An endoplasm (D:2)
  A goblin (D:1)
  2 hobgoblins (D:1)
  3 kobolds
  2 quokkas
  2 frilled lizards
  7 rats
27 creatures vanquished.

Vanquished Creatures (others)
  10 plants (D:2)
10 creatures vanquished.

Grand Total: 37 creatures vanquished

Notes
Turn   | Place    | Note
-------+----------+-------------------------------------------
     0 | D:1      | Heoruswealwe the Deep Elf Conjurer began the quest for the
                  | Orb.
     0 | D:1      | Reached XP level 1. HP: 10/10 MP: 6/6
   251 | D:1      | Reached XP level 2. HP: 11/15 MP: 0/8
   320 | D:1      | Learned a level 2 spell: Searing Ray
   360 | D:1      | Found a faded altar of an unknown god.
   364 | D:1      | Prayed at the altar of an unknown god.
   364 | D:1      | Became a worshipper of Ignis, the Dying Flame
   365 | D:1      | Fell from the grace of Ignis
   803 | D:2      | Reached skill level 5 in Conjurations
   803 | D:2      | Reached XP level 3. HP: 18/19 MP: 5/10
  1001 | D:2      | Noticed a fire elemental
  1001 | D:2      | Noticed a fire elemental
  1005 | D:2      | Slain by a fire elemental

Illustrated notes

Levels and vault maps discovered:
D:1:      wheals_arrival_linesprint, layout_basic,
          shapermc_ecumenical_altar_mp_vishouse
D:2:      layout_basic, minmay_crystal_water, serial_bayou_pond_b

Skill      XL: |  1  2 |
---------------+-------+-----
Spellcasting   | 4 |  4.2
Conjurations   | 5 |  5.0
Dodging        | |  2.4
Stealth        | |  2.4

Action                   || total
-------------------------++-------
Melee: Unarmed           ||    46
 Cast: Magic Dart        ||    44
Invok: Renounce Religion ||     1
  Use: Scroll            ||     1
Armor: Robe              ||     3
Dodge: Dodged            ||     4
